AoeStats
← howdydo12

Nomad

514288409Analyzed
1v1 RM · 3d ago on Oct 17, 2026· 51m 4s· 2 players
Game mode
Random Map
Map size
126×126
Population
200
Speed
Normal
Resources
Standard
Victory
Conquest
Starting age
Dark Age
Ending age
Imperial Age
RankedLock teamsTeams togetherTeam positionsShared explorationLock speedFull tech treeHidden civsTurbo modeCheats
Victory
Defeat
🇷🇴 Persians · Romania
619
+17
vs
🇵🇱 Saxons · Poland
638
-17
v.borneci
13:13 Feudal Age
13:42 Fishing Lines
14:52 Double-Bit Axe
15:24 Gold Mining
19:48 Stone Mining
23:31 Castle Age
21:34 Horse Collar
22:29 Man-at-Arms
24:45 Pikeman
26:11 Bow Saw
26:40 Gold Shaft Mining
27:14 Long Swordsman
27:18 Crossbowman
28:26 Gillnets
29:57 Stone Shaft Mining
29:21 Horse Collar
32:34 Ballistics
32:10 Murder Holes
32:40 Town Watch
34:02 Wheelbarrow
35:45 Fletching
35:55 Padded Archer Armor
36:22 Kamandaran
39:06 Medium Warships
40:31 Bodkin Arrow
40:52 Leather Archer Armor
40:00 Elite Skirmisher
45:07 Imperial Age
43:03 Hand Cart
43:04 Thumb Ring
44:55 Elite War Elephant
46:58 Two-Man Saw
46:45 Bloodlines
46:35 Husbandry
46:55 Block Printing
47:16 Theocracy
howdydo12
9:33 Loom
15:56 Feudal Age
16:09 Man-at-Arms
16:45 Double-Bit Axe
20:16 Horse Collar
21:00 Scale Mail Armor
20:51 Fletching
23:24 Padded Archer Armor
25:45 Castle Age
25:23 Wheelbarrow
24:33 Town Watch
26:04 Pikeman
26:46 Squires
26:29 Crossbowman
28:12 Arson
28:34 Gambesons
29:35 Bow Saw
32:27 Heavy Plow
35:43 Gold Mining
35:44 Stone Mining
36:11 Long Swordsman
37:25 Elite Skirmisher
40:56 Hand Cart
40:42 Town Patrol
44:34 Imperial Age
45:30 Shield Wall
45:49 Arbalester
47:01 Halberdier
48:58 Elite Hearth Troop
Connection lost

Rejoining the realm…

Still unreachable

The connection could not be restored.

Session expired

The server has moved on; the page needs a fresh start.